 Dungeon Crawl Stone Soup version 0.31.0-12-g77e489cdc1 (webtiles) character file.

Game seed: 3775248334446842646

367441 James the Acrobat (level 21, -10/157 HPs)
             Began as a Spriggan Hunter on Feb 14, 2024.
             Was the Champion of Elyvilon.
             Killed from afar by a tengu reaver (15 damage)
             ... with a bolt of poison
             ... led by Sojobo
             ... while paralysed by an air elemental
             ... on level 2 of the Vaults on Feb 16, 2024.
             The game lasted 03:03:05 (53286 turns).

James the Acrobat (Spriggan Hunter)                Turns: 53286, Time: 03:03:05

Health: -10/157    AC: 18    Str:  9    XL:     21   Next: 62%
Magic:  40/45      EV:  4    Int: 11    God:    Elyvilon [******]
Gold:   4647       SH:  0    Dex: 38    Spells: 20/20 levels left

rFire   + . .        a - +4 arbalest (freeze)
rCold   + . .        (shield currently unavailable)
rNeg    . . .        F - +2 robe {rC+ rF+}
rPois   .            Z - +2 hat
rElec   .            h - +2 cloak
rCorr   .            (gloves unavailable)
SInv    +            (boots unavailable)
Will    ++++.        O - amulet "Pekher" {Acrobat Will+ Str+2 Dex+3}
Stlth   ++++++++     m - ring "Qes Kear" {Fly Dex+6}
HPRegen 0.46/turn    C - ring of the Tortoise {AC+8}
MPRegen 0.29/turn

%: acrobat
@: paralysed, lethally poisoned (-10 -> -40), divinely vigorous, flying,
studying 2 skills, very quick
A: very small, no large weapons, unfitting armour, see invisible, speed 3
}: 2/15 runes: serpentine, barnacled
a: Renounce Religion, Purification, Heal Other, Heal Self, Divine Vigour


You were on level 2 of the Vaults.
You worshipped Elyvilon.
Elyvilon was exalted by your worship.
You visited 8 branches of the dungeon, and saw 37 of its levels.
You also visited: Bailey and Wizlab.

You collected 5257 gold pieces.
You spent 610 gold pieces at shops.

Inventory:

Hand Weapons
 a - a +4 arbalest of freezing (weapon)
   (You bought it in a shop on level 2 of the Orcish Mines)
 b - a +1 antimagic arbalest
   (You found it on level 1 of the Vaults)
 y - the +3 trident of Wowkae {spect, *Slow Int+5}
   (You found it on level 2 of the Lair of Beasts)

   Int+5:     It affects your intelligence (+5).
   *Slow:     It may slow you when you take damage.
 I - a +5 rapier of electrocution
   (You took it off a merfolk aquamancer on level 4 of the Shoals)
Missiles
 l - 3 curare-tipped darts {!f}
 W - 6 throwing nets {!f}
Armour
 h - a +2 cloak (worn)
   (You found it on level 11 of the Dungeon)
 n - +0 storm dragon scales
   (You took it off Margery on level 1 of the Vaults)
 t - a +0 animal skin
   (You took it off an ironbound thunderhulk on level 2 of the Vaults)
 F - a +2 robe of resistance (worn)
   (You took it off Pikel on level 4 of the Dungeon)
 Q - a +0 animal skin
   (You took it off an ironbound thunderhulk on level 2 of the Vaults)
 Z - a +2 hat (worn)
   (You found it on level 8 of the Dungeon)
Jewellery
 i - a ring of protection from fire
   (You took it off a yaktaur on level 15 of the Dungeon)
 m - the ring "Qes Kear" (left hand) {Fly Dex+6}
   (You found it on level 15 of the Dungeon)

   [ring of dexterity]

   Dex+6:     It affects your dexterity (+6).
   Fly:       It grants you flight.
 q - a ring of resist corrosion
   (You found it on level 1 of the Dungeon)
 C - the ring of the Tortoise (right hand) {AC+8}
   (You took it off a deep elf elementalist on level 3 of the Elven Halls)

   [ring of protection]

   AC+8:      It affects your AC (+8).
 E - a +6 ring of dexterity
   (You found it on level 4 of the Dungeon)
 J - the ring of Divine Compulsion {rPois rC++ Int+6}
   (You found it on level 4 of the Snake Pit)

   [ring of intelligence]

   Int+6:     It affects your intelligence (+6).
   rC++:      It greatly protects you from cold.
   rPois:     It protects you from poison
 O - the amulet "Pekher" (around neck) {Acrobat Will+ Str+2 Dex+3}
   (You took it off a deep elf archer on level 3 of the Elven Halls)

   [amulet of the acrobat]

   Acrobat:   It increases your evasion while moving and waiting.
   Str+2:     It affects your strength (+2).
   Dex+3:     It affects your dexterity (+3).
   Will+:     It increases your willpower.
 P - a ring of positive energy
   (You found it on level 3 of the Snake Pit)
 T - a ring of willpower
   (You found it on level 2 of the Dungeon)
Wands
 d - a wand of iceblast (62)
   (You found it on level 4 of the Dungeon)
 e - a wand of polymorph (21)
   (You found it on level 3 of the Snake Pit)
 u - a wand of paralysis (43)
   (You found it on level 10 of the Dungeon)
 v - a wand of digging (14)
   (You found it on level 3 of the Dungeon)
 x - a wand of acid (13)
   (You found it on level 3 of the Dungeon)
 V - a wand of mindburst (20)
   (You found it on level 8 of the Dungeon)
Scrolls
 c - 10 scrolls of teleportation {@r4}
 k - a scroll of butterflies
 D - 4 scrolls of fear
 G - 3 scrolls of vulnerability {!r}
 H - a scroll of revelation
 K - 3 scrolls of blinking
 N - 3 scrolls of immolation {!r}
 R - 2 scrolls of fog
 Y - 3 scrolls of enchant armour
Potions
 f - 3 potions of might
 g - a potion of brilliance
 j - 12 potions of haste {@q3}
 o - 6 potions of enlightenment
 p - 4 potions of invisibility
 s - 2 potions of cancellation
 w - 17 potions of curing {@q1}
 z - 2 potions of resistance
 A - 9 potions of lignification {!q}
 B - 4 potions of ambrosia
 L - 4 potions of mutation {!q}
 M - a potion of magic
 S - 2 potions of berserk rage
 X - 13 potions of heal wounds {@q2}
Miscellaneous
 r - a lightning rod (4/4) {!a}
   (You found it on level 4 of the Shoals)
 U - a phial of floods
   (You found it in a bailey)


   Skills:
 - Level 15.1 Fighting
 - Level 19.4 Ranged Weapons
 - Level 8.0 Armour
 - Level 21.2 Dodging
 - Level 17.0 Stealth
 + Level 4.1 Translocations
 - Level 17.9 Invocations
 - Level 11.0 Evocations


You had 20 spell levels left.
You didn't know any spells.
Your spell library contained the following spells:

 Spells                   Type           Power      Damage    Failure   Level
 Lesser Beckoning         Tloc           18%        N/A       10%         2
 Gell's Gravitas          Tloc           9%         N/A       21%         3
 Teleport Other           Tloc           9%         N/A       21%         3
 Kiss of Death            Conj/Necr      0%         2d5       34%         1
 Sandblast                Erth           0%         2d4       34%         1
 Slow                     Hex            0%         N/A       34%         1
 Volatile Blastmotes      Fire/Tloc      8%         2d10      43%         3
 Ensorcelled Hibernation  Hex/Ice        0%         N/A       47%         2
 Manifold Assault         Tloc           9%         N/A       54%         4
 Confusing Touch          Hex            0%         N/A       71%         3
 Dazzling Flash           Conj/Hex       0%         N/A       71%         3
 Hailstorm                Conj/Ice       0%         3d5       71%         3
 Inner Flame              Hex/Fire       0%         N/A       71%         3
 Passwall                 Erth           0%         N/A       71%         3
 Sigil of Binding         Hex            0%         N/A       71%         3
 Stone Arrow              Conj/Erth      0%         3d7       71%         3
 Summon Ice Beast         Ice/Summ       0%         N/A       71%         3
 Swiftness                Air            0%         N/A       71%         3
 Vampiric Draining        Necr           0%         2d6       71%         3
 Vhi's Electric Charge    Tloc/Air       8%         N/A       83%         4
 Animate Armour           Summ/Erth      0%         N/A       98%         4
 Brom's Barrelling Bould  Conj/Erth      0%         2d3       98%         4
 Cause Fear               Hex            0%         N/A       98%         4
 Dispel Undead            Necr           0%         3d6       98%         4
 Flame Wave               Conj/Fire      0%         2d4       98%         4
 Leda's Liquefaction      Alch/Erth      0%         N/A       98%         4
 Sticky Flame             Fire/Alch      0%         2d4       98%         4
 Summon Blazeheart Golem  Fire/Summ      0%         N/A       98%         4
 Summon Forest            Summ/Tloc      2%         N/A       99%         5
 Alistair's Intoxication  Alch           0%         N/A       100%        5
 Arcjolt                  Conj/Air       0%         1d10      100%        5
 Fireball                 Conj/Fire      0%         3d3       100%        5
 Irradiate                Conj/Alch      0%         3d11      100%        5
 Iskenderun's Battlesphe  Conj           0%         2d6       100%        5
 Lee's Rapid Deconstruct  Erth           0%         3d4*      100%        5
 Summon Mana Viper        Hex/Summ       0%         N/A       100%        5
 Bombard                  Conj/Erth      0%         9d1       100%        6
 Conjure Ball Lightning   Conj/Air       0%         3x3d6     100%        6
 Dispersal                Tloc           4%         N/A       100%        6
 Eringya's Noxious Bog    Alch           0%         4d6       100%        6
 Plasma Beam              Fire/Air       0%         2x1d10    100%        6
 Sculpt Simulacrum        Ice/Alch       0%         N/A       100%        6
 Starburst                Conj/Fire      0%         6d3       100%        6
 Summon Cactus Giant      Summ           0%         N/A       100%        6
 Orb of Destruction       Conj           0%         9d5       100%        7
 Ozocubu's Refrigeration  Ice            0%         4d7       100%        7
 Spellforged Servitor     Conj/Summ      0%         N/A       100%        7
 Summon Hydra             Summ           0%         N/A       100%        7
 Discord                  Hex            0%         N/A       100%        8
 Disjunction              Tloc           4%         N/A       100%        8
 Ignition                 Fire           0%         3d3       100%        8
 Maxwell's Capacitive Co  Air            0%         ∞         100%        8
 Dragon's Call            Summ           0%         N/A       100%        9
 Polar Vortex             Ice            0%         N/A       100%        9


Dungeon Overview and Level Annotations

Branches:
Dungeon (15/15)            Temple (1/1) D:5            Lair (5/5) D:11
 Shoals (4/4) Lair:3        Snake (4/4) Lair:2        Slime (0/5) Lair:4
    Orc (2/2) D:12            Elf (3/3) Orc:2        Vaults (3/5) D:13
 Depths (0/4) D:15         Bailey (visited)          WizLab (visited)
  Crypt: Vaults:2-3

Altars:
Ashenzari
Cheibriados
Dithmenos
Elyvilon
Fedhas
Gozag
Hepliaklqana
Kikubaaqudgha
Makhleb
Nemelex Xobeh
Okawaru
Qazlal
Ru
Sif Muna
Trog
Uskayaw
Vehumet
Wu Jian
Xom
Yredelemnul
Zin
The Shining One
Jiyva

Shops:
D:14 :   D:15 *:*   Orc:2 ([(   Elf:3 ==:*   Shoals:2 :   Shoals:3 [
Snake:3 (**

Annotations:
D:12 3 runed translucent doors
Elf:2 3 runed translucent doors, exclusion: 3 doors
Vaults:1 3 runed translucent doors, exclusion: 3 doors, TPoD's ghost, adept HOMo
Vaults:2 Sojobo


Innate Abilities, Weirdness & Mutations

You are very small and have problems with some larger weapons.
You are too small for most types of armour.
You have supernaturally acute eyesight. (SInv)
You cover ground extremely quickly. (Speed+++)


Message History

The bolt of negative energy hits the air elemental.
The air elemental completely resists.
The bolt of negative energy misses you. The air elemental barely misses you.
Fire: a) +4 arbalest (freeze)
Press: ? - help, Q - select action, (/) - cycle Shift-Dir - straight line, f/p - Sojobo
Aim: Sojobo, wielding a +4 great sword of electrocution and wearing a +2 scale mail of fire resistance (almost dead, repelling missiles, 13% to hit)
You shoot a bolt. The bolt misses Sojobo.
The air elemental fires a burst of electricity at you.
The stunning burst misses you.
The air elemental fires a burst of electricity at you.
The stunning burst misses you.
The air elemental completely misses you.
The air elemental fires a burst of electricity at you.
The stunning burst misses you.
The air elemental fires a burst of electricity at you.
The stunning burst misses you.
Sojobo conjures a fierce blast of wind!
The air elemental is knocked back by the gust of wind.
You are knocked back by the gust of wind.
You slam into the stone wall!
* * * LOW HITPOINT WARNING * * *
The air elemental is knocked back by the gust of wind. x2
The air elemental closely misses you.
Fire: a) +4 arbalest (freeze)
Press: ? - help, Q - select action, (/) - cycle Shift-Dir - straight line, f/p - Sojobo
Aim: Sojobo, wielding a +4 great sword of electrocution and wearing a +2 scale mail of fire resistance (almost dead, repelling missiles, 13% to hit)
You shoot a bolt. The bolt closely misses Sojobo.
The air elemental completely misses you. x2
The air elemental fires a burst of electricity at you.
The stunning burst hits you.
You suddenly lose the ability to move!
* * * LOW HITPOINT WARNING * * *
The air elemental fires a burst of electricity at you.
The stunning burst hits you but does no damage.
The air elemental hits you!
* * * LOW HITPOINT WARNING * * *
Sojobo grins devilishly.
Sojobo conjures a fierce blast of wind!
The air elemental is knocked back by the gust of wind.
You are knocked back by the gust of wind.
You slam into the stone wall!
* * * LOW HITPOINT WARNING * * *
The air elemental is knocked back by the gust of wind. x2
The air elemental fires a burst of electricity at you.
The stunning burst hits you!! Elyvilon protects you from harm!
The tengu reaver points at you and mumbles some strange words.
The bolt of poison misses the air elemental.
The bolt of poison hits you!
You are lethally poisoned!
You die...

###.........'......#.......#
#.........#......#..[....#
#.........##########'#####
#.........# ###.#
#.........# ###...#
#.........# ####.....#
###.........# #......####
.##.........# #EEQ...'..#
.##.........# #.@EQ..####
.##.........# ####.....#
.###'####+### ###...#
.#.........# ###.#
.#.........# ###
.#.........# #######
.#.........# #.....#
.#.........# ##...##
.'.........# ##...##


You could see Sojobo (repels missiles), a tengu reaver (repels missiles) and 3
air elementals.

Vanquished Creatures
  Margery (Vaults:1)
  Vashnia (Snake:4)
  Norris (Elf:1)
  Nikola (Snake:1)
  Jorgrun (Orc:1)
  Mlioglotl (Shoals:2)
  A lich (Vaults:1)
  2 deep elf blademasters (Elf:3)
  A searing wretch (Vaults:1)
  3 deep elf master archers (Elf:3)
  Polyphemus (Shoals:3)
  2 krakens (Shoals:4)
  The ghost of sleeves the Convoker, an adept BaSu of Sif Muna (Snake:3)
  2 ancient champions (WizLab)
  Kirke (Elf:1)
  A tengu reaver (Vaults:2)
  Frances (D:13)
  A storm dragon (D:15)
  Aizul (Snake:1)
  4 revenants (WizLab)
  6 nagarajas
  7 deep elf elementalists
  3 vault wardens
  6 deep elf sorcerers
  A spectral caustic shrike (WizLab)
  An orc warlord (Orc:2)
  5 ironbound preservers
  3 stone giants
  2 ironbound thunderhulks (Vaults:2)
  2 deep elf demonologists (Elf:3)
  5 dire elephants
  7 deep elf annihilators
  6 deep elf death magi
  A spectral titan (WizLab)
  5 halazid warlocks (WizLab)
  Azrael (D:15)
  3 eidola (WizLab)
  2 crystal guardians (Vaults:1)
  6 merfolk impalers
  A spectral quicksilver dragon (WizLab)
  2 fire dragons (Shoals:1)
  2 merfolk javelineers
  Josephine (D:10)
  5 great orbs of eyes
  6 jiangshi (WizLab)
  2 yaktaur captains
  3 deep elf high priests
  4 vault guards (D:15)
  4 hydras
  Erolcha (D:10)
  3 merfolk avatars
  A peacekeeper (Vaults:1)
  2 catoblepae
  3 ironbound frosthearts (Vaults:2)
  2 deep troll shamans
  10 dancing weapons
  A sphinx skeleton (Vaults:2)
  4 merfolk aquamancers
  17 centaur warriors
  9 anacondas
  6 boulder beetles
  5 death yaks
  6 two-headed ogres
  A death knight (D:15)
  16 naga warriors
  An orc high priest (Elf:1)
  2 satyrs
  17 naga sharpshooters
  A vampire mage (WizLab)
  2 tengu warriors
  Urug (D:12)
  6 deep elf knights
  3 hell knights
  10 shock serpents
  9 salamander mystics
  A shadow wraith (WizLab)
  13 skysharks
  6 skeletal warriors
  17 sea snakes
  A death drake (shapeshifter) (Elf:2)
  4 arcanists
  18 deep trolls
  14 mana vipers
  5 naga ritualists
  8 deep elf archers
  6 phantasmal warriors
  5 flayed ghosts (WizLab)
  2 spectral wolf spiders (WizLab)
  9 orc knights
  Pikel (D:4)
  7 necromancers
  An obsidian statue (Snake:3)
  5 lindwurms
  5 ironbound convokers
  19 harpies
  18 deep elf zephyrmancers
  2 wolf spiders
  2 orc sorcerers (Orc:2)
  7 fauns
  18 deep elf pyromancers
  11 ugly things
  17 manticores
  9 cyclopes
  A moth of wrath (shapeshifter) (Vaults:2)
  11 salamanders
  8 merfolk sirens
  A stone giant skeleton (Vaults:2)
  3 kobold blastminers
  13 naga magi
  Joseph (Lair:1)
  2 meliai (D:15)
  7 guardian serpents
  7 vault sentinels
  An ice statue (Snake:3)
  14 elephants
  40 black mambas
  4 molten gargoyles (D:13)
  16 cane toads
  3 water nymphs (Shoals:4)
  2 kobold demonologists (D:12)
  A cane toad (shapeshifter) (Elf:2)
  2 torpor snails
  A freezing wraith (D:15)
  2 gargoyles
  A yaktaur zombie (Vaults:1)
  14 komodo dragons
  2 rime drakes
  13 yaktaurs
  A tengu conjurer (D:15)
  2 yaktaur skeletons
  8 trolls
  22 merfolk
  5 polar bears
  A spectral harpy (WizLab)
  A wind drake (Shoals:4)
  Prince Ribbit (Lair:1)
  A hornet (D:8)
  3 spriggan zombies (WizLab)
  2 glass eyes (D:15)
  14 blink frogs
  A wolf spider simulacrum (D:14)
  9 snapping turtles
  21 dream sheep
  19 slime creatures
  An ettin skeleton (Vaults:2)
  A centaur simulacrum (D:15)
  3 air elementals
  28 yaks
  6 wraiths
  A spriggan (D:8)
  2 shadows
  A spriggan (shapeshifter) (D:15)
  5 wyverns
  3 wargs (Orc:2)
  15 water elementals
  10 fire elementals
  10 basilisks
  2 hogs (Elf:1)
  4 steam dragons
  3 vampire mosquitoes (D:13)
  An elf simulacrum (Vaults:1)
  34 nagas
  3 hell hounds (D:15)
  2 acid dragons (D:8)
  9 water moccasins
  An ice beast (D:7)
  43 orc warriors
  2 sky beasts
  2 black bears
  12 laughing skulls
  10 boggarts
  6 ogres
  A phantom (D:4)
  10 centaurs
  13 wolves
  3 lemures (D:5)
  5 kobold brigands
  18 bullfrogs
  3 gnoll sergeants
  3 human skeletons
  4 earth elementals
  2 scorpions
  5 wights (D:8)
  10 killer bees
  4 howler monkeys
  7 electric eels
  2 bombardier beetles
  A human simulacrum (Vaults:2)
  3 jellies
  2 hounds
  A gnoll bouda (D:6)
  16 orc priests
  Crazy Yiuf (D:7)
  Jessica (D:2)
  4 iguanas
  A sleepcap (D:6)
  24 orc wizards
  20 gnolls
  9 adders
  A white imp (D:7)
  3 dart slugs
  132 orcs
  4 ball pythons
  5 bats
  An endoplasm (D:3)
  5 giant cockroaches
  8 goblins
  4 jackals (D:5)
  4 quokkas
  2 frilled lizards
  6 kobolds
  8 rats
  2 tentacles (Shoals:4)
1359 creatures vanquished.

Vanquished Creatures (collateral kills)
  A black mamba (Snake:1)
1 creature vanquished.

Vanquished Creatures (others)
  Asterion (Snake:3)
  A deep elf elementalist (Elf:3)
  An anaconda (Snake:2)
  A deep elf knight (Elf:1)
  2 deep elf archers (Elf:1)
  A deep elf pyromancer (Elf:1)
  3 deep elf zephyrmancers (Elf:1)
  2 laughing skulls (WizLab)
  2 starspawn tentacles (Shoals:3)
  6 tentacles (Shoals:4)
20 creatures vanquished.

Grand Total: 1380 creatures vanquished

Notes
Turn   | Place    | Note
-------+----------+-------------------------------------------
     0 | D:1      | James the Spriggan Hunter began the quest for the Orb.
     0 | D:1      | Reached XP level 1. HP: 10/10 MP: 2/2
   151 | D:1      | Reached XP level 2. HP: 15/15 MP: 3/3
   168 | D:1      | Reached skill level 3 in Dodging
   338 | D:1      | You fall into a shaft and drop 1 floor!
   366 | D:2      | Noticed Jessica
   371 | D:2      | Killed Jessica
   372 | D:2      | Reached XP level 3. HP: 18/18 MP: 4/4
   900 | D:2      | Found a faded altar of an unknown god.
  1445 | D:3      | Reached XP level 4. HP: 23/23 MP: 5/5
  1524 | D:3      | Reached skill level 5 in Ranged Weapons
  1617 | D:3      | Reached skill level 4 in Dodging
  2305 | D:4      | Reached XP level 5. HP: 26/26 MP: 6/6
  2407 | D:4      | Found a sacrificial altar of Ru.
  2464 | D:4      | Found a white marble altar of Elyvilon.
  2477 | D:4      | Became a worshipper of Elyvilon the Healer
  2661 | D:4      | Found a basalt altar of Yredelemnul.
  2825 | D:4      | Found an opulent altar of Gozag.
  2853 | D:4      | Noticed a phantom
  2864 | D:4      | Killed a phantom
  2865 | D:4      | Reached skill level 5 in Stealth
  2865 | D:4      | Reached XP level 6. HP: 26/30 MP: 7/7
  2886 | D:4      | Found a glowing silver altar of Zin.
  2913 | D:4      | Reached skill level 5 in Dodging
  2964 | D:5      | Entered Level 5 of the Dungeon
  3001 | D:5      | Found a staircase to the Ecumenical Temple.
  3060 | D:5      | Noticed Pikel
  3127 | D:4      | Killed Pikel
  3128 | D:4      | Reached skill level 6 in Dodging
  3128 | D:4      | Reached XP level 7. HP: 17/35 MP: 8/8
  3342 | D:5      | Reached * piety under Elyvilon
  3475 | D:5      | Found a hazy altar of Hepliaklqana.
  3867 | D:5      | Reached skill level 7 in Dodging
  3867 | D:5      | Reached XP level 8. HP: 39/39 MP: 9/9
  3910 | D:6      | Reached skill level 1 in Invocations
  3956 | D:6      | Found a hide-covered altar of Uskayaw.
  3956 | D:6      | Found a stormy altar of Qazlal.
  4061 | D:6      | Found a radiant altar of Vehumet.
  4075 | D:6      | Found a shimmering altar of Xom.
  4165 | D:6      | Reached ** piety under Elyvilon
  4184 | D:6      | Reached skill level 8 in Dodging
  4251 | D:6      | Found a shimmering blue altar of Sif Muna.
  4419 | D:6      | Reached skill level 10 in Ranged Weapons
  4468 | D:6      | Reached XP level 9. HP: 44/44 MP: 10/10
  4575 | D:6      | Found an ornate altar of the Wu Jian Council.
  4668 | Temple   | Entered the Ecumenical Temple
  4964 | D:7      | Identified the +0 quarterstaff "Kuminlei" {venom, ^Contam
                  | rElec rPois Str+3}
  4982 | D:7      | Found an ancient bone altar of Kikubaaqudgha.
  4984 | D:7      | Found a blossoming altar of Fedhas.
  5005 | D:7      | Found a runed translucent door.
  5006 | D:7      | Noticed Crazy Yiuf
  5366 | D:7      | Found a flagged portal.
  5431 | Bailey   | Entered a bailey
  5562 | Bailey   | Reached *** piety under Elyvilon
  5724 | Bailey   | Noticed an orc knight
  5780 | Bailey   | Killed an orc knight
  5809 | Bailey   | Reached XP level 10. HP: 34/49 MP: 11/11
  6484 | D:7      | Killed Crazy Yiuf
  7558 | D:8      | Reached **** piety under Elyvilon
  7617 | D:8      | Found a snail-covered altar of Cheibriados.
  8092 | D:9      | Noticed a two-headed ogre
  8104 | D:9      | Killed a two-headed ogre
  8105 | D:9      | Reached skill level 1 in Armour
  8222 | D:9      | Noticed a two-headed ogre
  8257 | D:9      | Killed a two-headed ogre
  8307 | D:9      | Noticed a two-headed ogre
  8314 | D:9      | Killed a two-headed ogre
  8315 | D:9      | Reached XP level 11. HP: 53/53 MP: 12/12
  8388 | D:9      | Noticed a two-headed ogre
  8392 | D:9      | Killed a two-headed ogre
  8393 | D:9      | Reached skill level 9 in Dodging
  8393 | D:9      | Reached ***** piety under Elyvilon
  8773 | D:10     | Entered Level 10 of the Dungeon
  8848 | D:10     | Noticed a flayed ghost
  8848 | D:10     | Noticed a rakshasa
  8859 | D:10     | Noticed an arcanist
  9023 | D:10     | Noticed Josephine
  9146 | D:10     | Killed Josephine
  9149 | D:10     | Reached skill level 15 in Ranged Weapons
  9265 | D:10     | Noticed Erolcha
  9273 | D:10     | Killed Erolcha
  9464 | D:10     | Found a glowing golden altar of the Shining One.
  9811 | D:11     | Noticed a skeletal warrior
  9811 | D:11     | Noticed a skeletal warrior
  9991 | D:11     | Noticed a skeletal warrior
 10046 | D:11     | Killed a skeletal warrior
 10047 | D:11     | Reached skill level 10 in Dodging
 10122 | D:11     | Killed a skeletal warrior
 10450 | D:11     | Killed a skeletal warrior
 10451 | D:11     | Reached skill level 5 in Fighting
 10541 | D:11     | Found a staircase to the Lair.
 11136 | D:12     | Noticed a centaur warrior
 11310 | Lair:1   | Entered Level 1 of the Lair of Beasts
 11429 | Lair:1   | Reached ****** piety under Elyvilon
 11472 | Lair:1   | Reached XP level 12. HP: 60/60 MP: 16/16
 11766 | Lair:1   | Noticed Joseph
 11775 | Lair:1   | Killed Joseph
 11778 | Lair:1   | Noticed Prince Ribbit
 11781 | Lair:1   | Reached skill level 11 in Dodging
 11786 | Lair:1   | Killed Prince Ribbit
 11815 | Lair:1   | Reached skill level 5 in Invocations
 12420 | Lair:2   | Noticed an eight-headed hydra
 12775 | Lair:2   | Identified the +3 trident of Wowkae {spect, *Slow Int+5}
 12847 | Lair:2   | Reached skill level 12 in Dodging
 12917 | Lair:2   | Killed an eight-headed hydra
 13057 | Lair:2   | Found a staircase to the Snake Pit.
 13621 | Lair:3   | You fall into a shaft and drop 2 floors!
 13621 | Lair:5   | Entered Level 5 of the Lair of Beasts
 13632 | Lair:5   | Noticed a boulder beetle
 13777 | Lair:5   | Killed a boulder beetle
 14008 | Lair:4   | Reached XP level 13. HP: 66/66 MP: 19/19
 14057 | Lair:4   | Reached skill level 13 in Dodging
 14315 | Lair:3   | Found a staircase to the Shoals.
 15285 | Lair:3   | Reached skill level 10 in Stealth
 15686 | Lair:4   | Found a viscous altar of Jiyva.
 15686 | Lair:4   | Found a staircase to the Slime Pits.
 16927 | Lair:5   | Reached skill level 14 in Dodging
 16934 | Lair:5   | Reached skill level 10 in Invocations
 17040 | Lair:5   | Reached XP level 14. HP: 72/72 MP: 22/22
 17551 | Lair:5   | Identified the +2 quarterstaff "Weqicriah" {venom, Fly
                  | rPois SInv}
 18586 | D:12     | Reached skill level 1 in Evocations
 18645 | D:12     | Found a staircase to the Orcish Mines.
 19216 | D:12     | Found a runed translucent door.
 19217 | D:12     | Found a runed translucent door.
 19257 | D:12     | Found a runed translucent door.
 19366 | Orc:1    | Entered Level 1 of the Orcish Mines
 19366 | Orc:1    | Noticed Urug
 19380 | D:12     | Killed Urug
 19892 | Orc:2    | Entered Level 2 of the Orcish Mines
 20044 | Orc:2    | Found Etomais's General Store.
 20261 | Orc:1    | Noticed Jorgrun
 20299 | Orc:1    | HP: 1/74 [Jorgrun/+0 heavy quarterstaff (22)]
 20308 | Orc:1    | Killed Jorgrun
 20695 | Orc:2    | Found Yqeucon's Weapon Boutique.
 20713 | Orc:2    | Found a staircase to the Elven Halls.
 21438 | Orc:2    | Noticed an orc warlord
 21556 | Orc:2    | Killed an orc warlord
 21642 | Orc:2    | Found Porim's Antique Weapon Shoppe.
 21644 | Orc:2    | Found Rypef's Antique Armour Emporium.
 21684 | Orc:2    | Bought a glowing arbalest for 142 gold pieces
 22038 | D:13     | Reached XP level 15. HP: 64/78 MP: 24/24
 22259 | D:13     | Noticed Frances
 22267 | D:13     | Killed Frances
 22487 | D:13     | Found a gate to the Vaults.
 22532 | D:14     | Found Kero's Book Emporium.
 23141 | D:15     | Entered Level 15 of the Dungeon
 23141 | D:15     | Found a transporter.
 23444 | D:15     | Reached skill level 15 in Dodging
 23778 | D:15     | Identified the +0 ring mail of Restlessness {Dex+2 Stlth+}
 23822 | D:15     | Noticed a storm dragon
 23996 | D:15     | Killed a storm dragon
 24080 | D:15     | Noticed Azrael
 24089 | D:15     | Killed Azrael
 24157 | D:15     | Identified the ring "Qes Kear" {Fly Dex+6}
 24177 | D:15     | Reached skill level 5 in Evocations
 24269 | D:15     | Found Isaus's Assorted Antiques.
 24285 | D:15     | Bought a scroll of identify for 76 gold pieces
 24319 | D:15     | Identified the ring of Hedall {rF- rC- Will+ Str+2 Slay+5}
 24677 | D:15     | Found Duulalei's Assorted Antiques.
 24688 | D:15     | Bought a coppery potion for 32 gold pieces
 25190 | D:15     | Identified the ring "Gisiki" {Fire Str+4 Slay-6}
 25218 | D:15     | Found Zocaqo's Book Boutique.
 25335 | D:15     | Found a staircase to the Depths.
 25338 | D:15     | Found a transporter.
 25361 | D:15     | Reached XP level 16. HP: 73/84 MP: 26/26
 25396 | D:15     | Identified the ring "Omug" {Fire Dex+2}
 25407 | D:15     | Found Duulalei's Assorted Antiques.
 25421 | D:15     | Found a staircase to the Depths.
 25424 | D:15     | Found a transporter.
 25453 | D:15     | Found a transporter.
 25584 | D:15     | Found Isaus's Assorted Antiques.
 25653 | D:15     | Found Zocaqo's Book Boutique.
 25958 | Snake:1  | Entered Level 1 of the Snake Pit
 26746 | Snake:1  | Found a bloodstained altar of Trog.
 27217 | Snake:1  | Noticed Nikola
 27233 | Snake:1  | Killed Nikola
 27234 | Snake:1  | Reached skill level 16 in Dodging
 27559 | Snake:1  | Identified the serpent talisman "Nileid" {rN+ Str+5 Slay-4
                  | Stlth+}
 27559 | Snake:1  | Noticed Aizul
 27580 | Snake:1  | Elyvilon protects you from harm!
 27584 | Snake:1  | Killed Aizul
 28755 | Snake:2  | Reached skill level 5 in Armour
 29092 | Snake:2  | Reached skill level 15 in Stealth
 29096 | Snake:2  | Reached skill level 10 in Fighting
 29521 | Snake:2  | HP: 1/85 [shock serpent (11)]
 30189 | Snake:3  | Found a glacial archway.
 30475 | Snake:3  | Found Hithreis's Antique Weapon Shop.
 30888 | Snake:3  | Found a runed translucent gate.
 30888 | Snake:3  | Noticed sleeves's ghost (adept BaSu)
 30890 | Snake:3  | Found a runed translucent gate.
 30890 | Snake:3  | Found an opulent altar of Gozag.
 30890 | Snake:3  | Found a runed translucent gate.
 30892 | Snake:3  | Found Lichuhon's Assorted Antiques.
 30893 | Snake:3  | Found Todiah's Assorted Antiques.
 30985 | Snake:4  | Entered Level 4 of the Snake Pit
 31000 | Snake:4  | Noticed Vashnia
 31005 | Snake:4  | Elyvilon protects you from harm!
 31322 | Snake:4  | Noticed Asterion
 31509 | Snake:3  | Killed Asterion
 32001 | Snake:4  | Identified the ring of Divine Compulsion {rPois rC++ Int+6}
 32090 | Snake:4  | Reached XP level 17. HP: 89/89 MP: 28/28
 34889 | Snake:4  | Killed Vashnia
 35498 | Snake:4  | Reached skill level 17 in Dodging
 36017 | Snake:4  | Reached skill level 10 in Evocations
 36044 | Snake:4  | Reached skill level 15 in Invocations
 36129 | Snake:4  | Got a serpentine rune of Zot
 36294 | Snake:3  | Noticed a Hell Sentinel
 36305 | Snake:3  | Killed sleeves's ghost
 36630 | Snake:3  | Bought a triangular bone amulet for 200 gold pieces
 36645 | Snake:3  | Bought a scroll of identify for 80 gold pieces
 36646 | Snake:3  | Bought a scroll of identify for 80 gold pieces
 36646 | Snake:3  | Identified a scroll of acquirement
 36649 | Snake:3  | Acquired 950 gold pieces
 36763 | Shoals:1 | Entered Level 1 of the Shoals
 37329 | Shoals:1 | Identified the +0 animal skin of Higuyb {rC+ rCorr Int-4
                  | Stlth+}
 37785 | Shoals:2 | Found Sissiol's Book Shoppe.
 37875 | Shoals:2 | Reached XP level 18. HP: 96/96 MP: 30/30
 38654 | Shoals:3 | Reached skill level 18 in Dodging
 38819 | Shoals:3 | Noticed Polyphemus
 38826 | Shoals:3 | Killed Polyphemus
 39057 | Shoals:3 | Found Wukhlokli's Armour Emporium.
 39087 | Shoals:3 | Noticed Mlioglotl
 39099 | Shoals:3 | Noticed a lich
 39577 | Shoals:2 | Killed Mlioglotl
 39998 | Shoals:4 | Entered Level 4 of the Shoals
 40301 | Shoals:4 | Got a barnacled rune of Zot
 40998 | Shoals:4 | Reached skill level 19 in Dodging
 41507 | Elf:1    | Entered Level 1 of the Elven Halls
 41632 | Elf:1    | Noticed Kirke
 41651 | Elf:1    | Killed Kirke
 41715 | Elf:1    | Paralysed by an air elemental for 1 turns
 42027 | Elf:1    | Paralysed by an air elemental for 1 turns
 42147 | Elf:1    | Noticed Norris
 42167 | Elf:1    | Killed Norris
 42176 | Elf:1    | Reached XP level 19. HP: 98/102 MP: 27/32
 42738 | Elf:2    | Found a magical portal.
 42753 | Elf:2    | Reached XP level 20. HP: 107/107 MP: 33/33
 42756 | WizLab   | Entered Borgnjor's Mausoleum
 44375 | Elf:2    | Reached skill level 20 in Dodging
 44470 | Elf:2    | Found a runed translucent gate.
 44471 | Elf:2    | Found a runed translucent gate.
 44471 | Elf:2    | Found a runed translucent gate.
 44689 | Elf:3    | Entered Level 3 of the Elven Halls
 44716 | Elf:3    | Found a radiant altar of Vehumet.
 44941 | Elf:3    | Found Ficw's Book Shop.
 44941 | Elf:3    | Found Saidd's Jewellery Shoppe.
 45047 | Elf:3    | Found Xuicwuth's Jewellery Shoppe.
 45084 | Elf:3    | Found Runetiki's CLEARANCE SALE!.
 45676 | Elf:3    | Identified the amulet "Pekher" {Acrobat Will+ Str+2 Dex+3}
 46341 | Elf:3    | Identified the +8 great mace "Buhus" {flame, rElec}
 46799 | Elf:3    | Identified the +6 mace of Deflation {pain, Str+4 Int+4}
 47160 | Elf:3    | Identified the +8 chain mail of the Evening {rF+ rN++
                  | Int-5}
 47444 | Elf:3    | Identified the +4 dagger of Nolo Contendere {venom, ^Drain
                  | Str+5}
 47752 | Elf:3    | Found Runetiki's CLEARANCE SALE!.
 47776 | Elf:3    | Found Ficw's Book Shop.
 47776 | Elf:3    | Found Saidd's Jewellery Shoppe.
 47777 | Elf:3    | Found Xuicwuth's Jewellery Shoppe.
 47826 | Elf:3    | Found a radiant altar of Vehumet.
 48208 | Vaults:1 | Entered Level 1 of the Vaults
 48367 | D:13     | Reached XP level 21. HP: 82/115 MP: 34/34
 48652 | Vaults:1 | Got the Reference Book on the Escort and Chemistry
 49796 | Vaults:1 | Found a runed translucent gate.
 49796 | Vaults:1 | Found a runed translucent gate.
 49796 | Vaults:1 | Found a runed translucent gate.
 49798 | Vaults:1 | Noticed TPoD's ghost (adept HOMo)
 50509 | Vaults:2 | Noticed Margery
 50639 | Vaults:1 | Killed Margery
 50954 | Vaults:2 | Reached skill level 21 in Dodging
 51534 | Vaults:2 | Reached skill level 15 in Fighting
 52232 | Vaults:3 | Reached skill level 1 in Translocations
 52331 | Vaults:3 | Noticed Sojobo
 53276 | Vaults:2 | HP: 5/157 [Sojobo/+4 great sword of electrocution (14)]
 53282 | Vaults:2 | Paralysed by an air elemental for 1 turns
 53286 | Vaults:2 | Paralysed by an air elemental for 1 turns
 53286 | Vaults:2 | HP: 5/157 [stone wall collision (24)]
 53286 | Vaults:2 | Elyvilon protects you from harm!
 53286 | Vaults:2 | Killed from afar by a tengu reaver

Illustrated notes

Levels and vault maps discovered:
D:1:      eino_arrival_cavern_e, layout_rooms
D:2:      layout_loops_ring, ebering_ecumenical_altar_mist, uniq_jessica
D:3:      layout_basic
D:4:      layout_rooms, kennysheep_ying_yang,
          pdpol_temple_overflow_zin_treasury_gozag_greed,
          mainiacjoe_overflow_six_doors_small, serial_bayou_lagoon_a
D:5:      layout_basic, mainiacjoe_overflow_alcove_2,
          minmay_temple_entry_large_hall, nicolae_the_louvre, uniq_pikel
D:6:      layout_rooms, mainiacjoe_overflow_tiny_flanked,
          nzn_wu_jian_council_hall, mainiacjoe_overflow_large_starburst,
          mainiacjoe_overflow_catch_the_wave, grunt_decor_cap,
          amcnicky_mini_corridor_feature, minmay_misc_feat_room,
          grunt_ministairs_15
D:7:      layout_basic, grunt_temple_overflow_growth_and_decay, enter_bailey_7,
          minmay_bent, uniq_crazy_yiuf_cottage
D:8:      minmay_general_purpose_star, layout_basic, lemuel_doored_altar,
          hangedman_decor_clover_reticule, the_hattery
D:9:      layout_irregular_city
D:10:     layout_roguey, tso_oasis_becter, onia_ninara_dug_in_and_dangerous,
          uniq_erolcha, uniq_josephine
D:11:     layout_gridville, lair_entry_dummy
D:12:     layout_roguey, erik_orc_3, serial_rivers,
          chequers_serial_rivers_room_a, chequers_serial_rivers_large_b,
          chequers_serial_rivers_micro_c, chequers_serial_rivers_room_a,
          chequers_serial_rivers_micro_e, mikee_hates_you
D:13:     layout_cave_pools, david_vaults_1, serial_park, serial_park_tiny_2,
          serial_park_fountain, serial_park_tiny_pond, minivault_8, uniq_frances
D:14:     layout_layer_cave, serial_shops, nicolae_shop_statue_plus,
          minmay_staircase_windowed_small
D:15:     hangedman_spin_cycle
Temple:   hellmonk_temple_rainy
Lair:1:   layout_small_grid, grunt_megastairs_5, serial_bayou_shore_a,
          uniq_joseph, uniq_prince_ribbit2
Lair:2:   layout_hall_layers, dummy_snake_entry, grunt_megastairs_3,
          serial_bayou_shore_b
Lair:3:   layout_regular_city, minmay_shoals_entry_lonely_mermaid
Lair:4:   layout_gridlike, slime_entry_1, serial_bayou_lagoon_b
Lair:5:   grunt_lair_end_beastmaster, layout_layer_cave, st_stairs_5,
          pdpol_lair_cavern_descent, lemuel_fruit_fields
Shoals:1: argonaut_golden_fleece, layout_shoals
Shoals:2: cheibrodos_shoals_baths, layout_shoals, serial_shops,
          nicolae_shop_tiny_glass
Shoals:3: layout_shoals, serial_shops, shop, uniq_mlioglotl, uniq_polyphemus
Shoals:4: shoals_end_hangedman, layout_shoals
Snake:1:  layout_misc_corridors, basic_altar, uniq_aizul, uniq_nikola
Snake:2:  layout_layer_cave, nicolae_zig_zag_zippers
Snake:3:  layout_misc_corridors, ebering_ghost_gozag, serial_shops, shop,
          portal_ice_cave_entry_ice_statue_one
Snake:4:  snake_pit_salamanders_mu, layout_layer_cave, uniq_asterion,
          uniq_vashnia
Orc:1:    layout_caves, uniq_urug, uniq_jorgrun
Orc:2:    grunt_orc_community_town_hall, layout_caves,
          grunt_orc_community_big_house_2, grunt_orc_community_big_house_2,
          grunt_orc_community_house_3, grunt_orc_community_house_3,
          grunt_orc_community_house_1, grunt_orc_community_house_3,
          grunt_orc_community_house_3, grunt_orc_community_house_2
Elf:1:    eino_elf_arrival_sip, layout_geoelf_octagon,
          nicolae_elf_blasts_and_bolts, drop_trap, lemuel_flamethrower_hall,
          uniq_norris, uniq_kirke
Elf:2:    nicolae_elf_blades_crystal_corner, layout_geoelf_octagon,
          serial_co_window_serial, co_window_paths_a,
          co_window_of_opportunity_a, co_window_corner_a, co_window_paths_b,
          co_window_paths_a, co_window_cross_1, co_window_paths_a,
          co_window_of_opportunity_b, co_window_unsneaky_path_c,
          co_window_of_opportunity_c, co_window_corner_b, glass_columns_a,
          glass_columns_a, glass_columns_b, glass_columns_c, mu_enter_wizlab_6
Elf:3:    minmay_elf_hall_statues, layout_gridlike, basic_altar,
          nicolae_shop_clearance, minmay_shop_grove
Vaults:1: gammafunk_ghost_necromancy, v_misc_33, vaults_dpeg_spiral,
          nicolae_vaults_what_the_h, v_pattern_3, vaults_dpeg_encased_lava,
          nicolae_vaults_yaktaur_gun_rack, layout_vaults_omnigrid
Vaults:2: nicolae_vaults_double_plus_3, vaults_mumra_chevron,
          hangedman_vaults_slither, nicolae_vaults_shock_wave,
          nicolae_vaults_alarming, grunt_vaults_funnel,
          grunt_vaults_hallway_short, nicolae_vaults_big_angled_halls,
          ontoclasm_vaults_gateway, layout_vaults_maze_bifur, uniq_margery
Vaults:3: nicolae_vaults_stepped_doors, hangedman_vaults_restitches,
          nicolae_vaults_trapezoid_layered, nicolae_vaults_shrinking_rooms_1,
          nicolae_vaults_triangles, minmay_crypt_entry_simple_statues,
          grunt_vaults_twisty, nicolae_vaults_doubleplus_tesselated,
          vaults_dpeg_emergency_exit, nicolae_vaults_storage_room_glass,
          layout_vaults_omnibox, uniq_sojobo

Skill      XL: |  1  2  3  4  5  6  7  8  9 10 11 12 13 14 15 16 17 18 19 20 21 |
---------------+----------------------------------------------------------------+-----
Stealth        | 2 3 5 6 8 11 12 13 15 16 17 | 17.0
Dodging        | 3 4 6 7 8 10 12 14 15 16 17 19 20 21 | 21.2
Fighting       | 2 3 5 6 7 8 9 10 11 12 14 15 | 15.1
Ranged Weapons | 5 7 8 10 12 14 15 16 18 19 | 19.4
Invocations    | 1 4 7 10 11 12 14 15 16 17 | 17.9
Armour         | 1 2 4 5 6 7 8 |  8.0
Evocations     | 2 6 8 10 11 | 11.0
Translocations | 4 |  4.1

Action                     |  1- 3 |  4- 6 |  7- 9 | 10-12 | 13-15 | 16-18 | 19-21 || total
---------------------------+-------+-------+-------+-------+-------+-------+-------++-------
   Fire: Shortbow          |    88 |   155 |   440 |   216 |       |       |       ||   899
         Orcbow            |       |       |       |   770 |  1099 |       |       ||  1869
         Arbalest          |       |       |       |       |   783 |  1507 |  1188 ||  3478
 Invoke: Heal Self         |       |       |       |       |     9 |    10 |     7 ||    26
         Purification      |       |       |       |       |       |     5 |       ||     5
         Divine Vigour     |       |       |       |       |       |     2 |     3 ||     5
  Evoke: Wand              |       |       |       |     2 |       |       |       ||     2
    Use: Scroll            |       |     5 |     3 |     8 |    10 |    10 |     1 ||    37
         Potion            |       |       |       |       |       |     2 |     2 ||     4
 Armour: Robe              |     7 |     9 |    14 |    55 |   165 |   205 |   189 ||   644
  Dodge: Dodged            |    36 |    45 |   119 |   292 |  1125 |  1147 |  1213 ||  3977
  Block: Other             |     8 |    16 |    21 |    41 |   191 |    98 |       ||   375
         Reflection        |       |       |     1 |     1 |    16 |    24 |       ||    42
